 Dungeon Sprint DCSS version 0.21.1-1-g345015f (webtiles) character file.

1800000 Fang the Axe Maniac (level 16, -42/183 HPs)
             Began as a Minotaur Gladiator on June 1, 2018.
             Was a Believer of Makhleb.
             Annihilated by a meat berserker
             ... wielding a +9 battleaxe
              (50 damage)
             ... in the Dungeon (Sprint VIII: "Arena of Blood").
             The game lasted 00:00:19 (18 turns).

Fang the Axe Maniac (Minotaur Gladiator)              Turns: 18, Time: 00:00:20

Health: -42/183    AC:  3    Str: 25    XL:     16   Next: 58%
Magic:  15/15      EV: 29    Int:  5    God:    Makhleb [**....]
Gold:   0          SH:  0    Dex: 13    Spells: 15/15 levels left

rFire    . . .     SeeInvis .   l - +∞ Axe of Woe
rCold    . . .     Gourm    .   (shield currently unavailable)
rNeg     . . .     Faith    .   b - +0 leather armour
rPois    .         Spirit   .   c - +0 hat
rElec    .         Reflect  .   (no cloak)
rCorr    .         Harm     .   (no gloves)
MR       +....     NoTele   +   (no boots)
Stlth    +.........             (no amulet)
HPRegen  0.40/turn              (no ring)
MPRegen  0.14/turn              (no ring)

@: no status effects
A: retaliatory headbutt, horns 2
a: Minor Destruction, Renounce Religion


You were in the Dungeon.
You worshipped Makhleb.
Makhleb was pleased with you.
You were not hungry.

You visited 1 branch

Inventory:

Hand Weapons
 a - a +0 war axe
 l - the +∞ Axe of Woe (weapon)
   (You found it in the Dungeon)
Missiles
 d - 3 throwing nets (quivered)
Armour
 b - a +0 leather armour (worn)
 c - a +0 hat (worn)
Scrolls
 k - a scroll of blinking
Potions
 e - a potion of curing
 g - a potion of heal wounds
 h - a potion of haste
 i - 2 potions of magic
 j - a potion of berserk rage
Comestibles
 f - a ration


   Skills:
 O Level 27 Fighting
 O Level 27 Axes
 + Level 24.7 Throwing
 O Level 27 Dodging


You had 15 spell levels left.
You didn't know any spells.

Dungeon Overview and Level Annotations

Branches:
Dungeon (1/1)

Altars:
Makhleb


Innate Abilities, Weirdness & Mutations

You reflexively headbutt those who attack you in melee.
You have a pair of horns on your head.


Message History

Things that are here:
a +9 battleaxe; a +30 ring of slaying; a meat berserker corpse Unknown command.
Unknown command.
The bag of meat shouts!
You hear a shout! x3
The meat berserker rages.
You hear a shout! x3
The meat berserker hits you with a +9 battleaxe!!!!
* * * LOW HITPOINT WARNING * * *
You hear a shout!
A bag of meat comes into view. It is wielding a +9 war axe.
Unknown command.
You hear a shout! x8
The meat berserker appears out of thin air!
A meat berserker comes into view. It is wielding a +9 battleaxe.
The bag of meat moves out of view.
The meat berserker hits you with a +9 battleaxe!!
* * * LOW HITPOINT WARNING * * *
The meat berserker hits you with a +9 battleaxe!!!
You die...

.. .. ..... ..
#... .# . #...
..# ..###...
..###.
.o.O.O###......
......._)......
#.O)).# #_@<._#
#O)o..#
....._......
.o....###......
..###... ..###.
. #... ..# #...
..# ..... ..


You could see 4 meat berserkers and 3 bags of meat.

Vanquished Creatures
  3 ogres (D)
  4 orcs (D)
7 creatures vanquished.

Notes
Turn   | Place    | Note
-------+----------+-------------------------------------------
     0 | D        | Found the +∞ Axe of Woe
     0 | D        | Fang the Minotaur Gladiator began the quest for the Orb.
     0 | D        | Reached XP level 1. HP: 18/18 MP: 0/0
     3 | D        | Noticed a meat berserker
     4 | D        | Noticed a bag of meat
     4 | D        | Killed a meat berserker
     4 | D        | Reached XP level 2. HP: 45/45 MP: 1/1
     4 | D        | Reached XP level 3. HP: 51/51 MP: 2/2
     4 | D        | Reached XP level 4. HP: 59/59 MP: 3/3
     4 | D        | Reached XP level 5. HP: 66/66 MP: 4/4
     4 | D        | Reached XP level 6. HP: 73/73 MP: 5/5
     4 | D        | Reached XP level 7. HP: 80/80 MP: 6/6
     4 | D        | Reached XP level 8. HP: 88/88 MP: 7/7
     4 | D        | Reached XP level 9. HP: 94/94 MP: 8/8
     4 | D        | Reached XP level 10. HP: 102/102 MP: 9/9
     4 | D        | Reached XP level 11. HP: 108/108 MP: 10/10
     4 | D        | Reached XP level 12. HP: 116/116 MP: 11/11
     4 | D        | Reached XP level 13. HP: 123/123 MP: 12/12
     5 | D        | Noticed a bag of meat
     5 | D        | Became a worshipper of Makhleb the Destroyer
     6 | D        | Noticed a bag of meat
     8 | D        | Noticed a meat berserker
     9 | D        | Noticed a meat berserker
     9 | D        | Killed a bag of meat
     9 | D        | Reached skill level 15 in Fighting
     9 | D        | Noticed a bag of meat
    10 | D        | Killed a bag of meat
    10 | D        | Reached * piety under Makhleb
    10 | D        | Reached skill level 27 in Axes
    10 | D        | Reached XP level 14. HP: 137/137 MP: 13/13
    11 | D        | Killed a meat berserker
    11 | D        | Reached skill level 27 in Dodging
    11 | D        | Reached XP level 15. HP: 155/155 MP: 14/14
    12 | D        | Noticed a meat berserker
    13 | D        | Noticed a meat berserker
    13 | D        | Killed a meat berserker
    14 | D        | Reached ** piety under Makhleb
    14 | D        | Reached XP level 16. HP: 182/182 MP: 15/15
    15 | D        | Noticed a meat berserker
    15 | D        | Reached skill level 27 in Fighting
    18 | D        | HP: 8/183 [meat berserker/+9 battleaxe (21)]
    18 | D        | Annihilated by a meat berserker

Skill      XL: |  1  2  3  4  5  6  7  8  9 10 11 12 13 14 15 16 |
---------------+-------------------------------------------------+-----
Fighting       | 13 16 20 26 27 | 27.0
Axes           | 23 27 | 27.0
Throwing       | 11 13 16 22 24 | 24.7
Dodging        | 21 24 27 | 27.0

Action                   |  1- 3 |  4- 6 |  7- 9 | 10-12 | 13-15 | 16-18 || total
-------------------------+-------+-------+-------+-------+-------+-------++-------
Melee: Executioner's axe |     1 |       |       |       |     5 |     1 ||     7
